 Dungeon Crawl Stone Soup version 0.23-a0-171-g5ae17c6 (webtiles) character file.

60 iamserjio the Skirmisher (level 3, 0/33 HPs)
             Began as a Demigod Wanderer on Sept 14, 2018.
             Slain by a worm (10 damage)
             ... on level 2 of the Dungeon.
             The game lasted 00:03:20 (1460 turns).

iamserjio the Skirmisher (Demigod Wanderer)         Turns: 1460, Time: 00:03:21

Health: 0/33       AC:  2    Str: 16    XL:     3   Next: 57%
Magic:  5/5        EV: 13    Int: 17    God:
Gold:   65         SH:  0    Dex: 15    Spells: 2/2 levels left

rFire    . . .     SeeInvis .   t - +0 dagger (venom)
rCold    . . .     Gourm    .   (no shield)
rNeg     . . .     Faith    .   e - +0 robe
rPois    .         Spirit   .   (no helmet)
rElec    .         Reflect  .   (no cloak)
rCorr    .         Harm     .   (no gloves)
MR       .....                  (no boots)
Stlth    +.........             (no amulet)
HPRegen  0.11/turn              (no ring)
MPRegen  0.09/turn              (no ring)

@: no status effects
A: high mp 1
a: no special abilities


You were on level 2 of the Dungeon.
You were not hungry.

You visited 1 branch of the dungeon, and saw 2 of its levels.

You collected 65 gold pieces.

Inventory:

Hand Weapons
 a - a +2 shortbow
 c - a +0 hand axe
 m - a +0 short sword
 r - a +0 flail
 t - a +0 dagger of venom (weapon)
Missiles
 b - 19 arrows
 l - 82 stones (quivered)
Armour
 e - a +0 robe (worn)
Scrolls
 d - 2 scrolls of teleportation
 g - a scroll of fog {unknown}
 k - 2 scrolls of identify {unknown}
 o - a scroll of magic mapping {unknown}
 s - a scroll of remove curse {unknown}
Potions
 h - 3 potions of lignification {unknown}
 i - a potion of invisibility {unknown}
 j - a potion of flight {unknown}
 n - 2 potions of heal wounds {unknown}
 p - a potion of degeneration {unknown}
 q - a potion of agility {unknown}
Comestibles
 f - a ration


   Skills:
 - Level 4.0 Fighting
 * Level 0.4 Short Blades
 - Level 0.2 Maces & Flails
 - Level 1.7 Bows
 - Level 1.0 Throwing
 - Level 1.7 Armour
 + Level 2.5 Dodging
   Level 1.0 Shields


You had 2 spell levels left.
You didn't know any spells.
Your spell library was empty.

Dungeon Overview and Level Annotations

Branches:
Dungeon (2/15)

Annotations:
D:2 Sigmund


Innate Abilities, Weirdness & Mutations

You have an increased reservoir of magic. (+10% MP)


Message History

You are feeling hungry.
Eating a chunk of flesh.
You eat the chunk of flesh.
A worm and a dart slug come into view.
Found 16 bolts.
There are monsters nearby!
A worm and a kobold come into view.
You hit the dart slug.
The dart slug is poisoned.
The kobold shouts!
You hit the dart slug but do no damage.
The dart slug looks as sick as possible!
The kobold throws a stone.
The stone hits you. The dart slug barely misses you.
You hit the dart slug.
You kill the dart slug!
The kobold throws a stone.
The stone misses you.
You completely miss the worm. The worm bites you.
You hit the worm. The kobold hits you with a dagger. The worm bites you.
You barely miss the worm. The kobold barely misses you.
You hit the worm but do no damage.
The worm is poisoned.
The kobold hits you but does no damage. The worm bites you! x2
You die...

. # ##. ##.
##.##
##...##...## ..
..#.....##... ..
#.......#..# #.#
.# #.
#..ww.#...# #.#
.# #..
#K@.##...#
#.##.#
#..##(##..#.#
#.##.#
#...##.....# ..
#.##.#
####.....#..##.#
.. #.##.#
#...............
.. #.##.#
#.######).####.
.. #....# #
######..### ..
#....#
#.........##.###
### #.##.#
#.####..........
...


You could see 2 worms and a kobold.

Vanquished Creatures
  A gnoll (D:1)
  An adder (D:2)
  3 dart slugs
  2 giant cockroaches
  8 hobgoblins
  5 kobolds
  A quokka (D:2)
  A ball python (D:1)
  4 bats (D:1)
  4 frilled lizards
  9 rats
39 creatures vanquished.

Notes
Turn   | Place    | Note
-------+----------+-------------------------------------------
     0 | D:1      | iamserjio the Demigod Wanderer began the quest for the Orb.
     0 | D:1      | iamserjio set off with: a +2 shortbow, 26 arrows, a +0 hand
                  | axe, a scroll of teleportation, a +0 robe, a ration
     0 | D:1      | Reached XP level 1. HP: 19/19 MP: 3/3
   246 | D:1      | Reached skill level 1 in Dodging
   267 | D:1      | Reached XP level 2. HP: 22/27 MP: 4/4
   372 | D:1      | Reached skill level 4 in Fighting
   535 | D:1      | Reached XP level 3. HP: 27/33 MP: 5/5
  1402 | D:2      | Noticed Sigmund
  1460 | D:2      | Slain by a worm

Vault maps used:
D:1:      wheals_arrival_linesprint
D:2:      minmay_heptomino_w4, uniq_sigmund

Skill      XL: |  1  2 |
---------------+-------+-----
Dodging        | 1 2 |  2.5
Fighting       | 4 |  4.0
Short Blades   | |  0.4
Maces & Flails | |  0.2
Bows           | |  1.7
Throwing       | |  1.0
Armour         | |  1.7
Shields        | |  1.0

Action                   || total
-------------------------++-------
Melee: Flail             ||    43
       Dagger            ||    16
 Fire: Shortbow          ||    54
 Stab: Sleeping          ||     2
  Eat: Chunk             ||     2
Armor: Robe              ||     8
Dodge: Dodged            ||    38

Table legend:
 A = Non-vault XP
 B = Vault XP
 C = Vault XP percentage of total XP
 D = Non-vault monster count
 E = Vault monster count
 F = Vault count percentage of total count
                 A         B        C        D         E       F
            +---------+---------+-------+---------+---------+-------
      Total |      81 |       6 |   6.9 |      37 |       2 |   5.1
            +---------+---------+-------+---------+---------+-------
        D:1 |      55 |       0 |   0.0 |      27 |       0 |   0.0
        D:2 |      26 |       6 |  18.8 |      10 |       2 |  16.7
            +---------+---------+-------+---------+---------+-------
